AoeStats
← DeftHu3

Arabia

508914688Analyzed
1v1 RM · 7d ago on Sep 24, 2026· 47m 17s· 2 players
Game mode
Random Map
Map size
Tiny (2 player)
Population
200
Speed
Normal
Resources
Standard
Victory
Conquest
Starting age
Dark Age
Ending age
Imperial Age
RankedLock teamsTeams togetherTeam positionsShared explorationLock speedFull tech treeHidden civsTurbo modeCheats
Victory
Defeat
🇧🇷 Magyars · Brazil
962
+15
🇦🇷 Franks · Argentina
942
-15
ROMANRIQUELME
6:18 Loom
9:47 Feudal Age
23:40 Castle Age
21:53 Double-Bit Axe
23:41 Scale Barding Armor
23:46 Forging
24:02 Gold Mining
23:55 Pikeman
25:08 Bow Saw
25:54 Padded Archer Armor
25:44 Fletching
31:25 Ballistics
31:05 Bodkin Arrow
31:25 Leather Archer Armor
31:06 Elite Skirmisher
42:10 Imperial Age
41:07 Squires
41:13 Scale Mail Armor
42:02 Wheelbarrow
41:12 Town Watch
41:54 Husbandry
42:18 Chain Barding Armor
42:37 Iron Casting
43:17 Stone Mining
44:29 Blast Furnace
43:46 Chain Mail Armor
44:47 Chemistry
44:29 Gold Shaft Mining
44:59 Plate Mail Armor
44:03 Halberdier
45:51 Hand Cart
45:37 Town Patrol
46:20 Plate Barding Armor
DeftHu3
7:49 Loom
9:47 Feudal Age
10:57 Double-Bit Axe
10:56 Horse Collar
22:16 Castle Age
22:19 Wheelbarrow
21:30 Town Watch
21:52 Fletching
22:35 Crossbowman
23:33 Bodkin Arrow
23:54 Bloodlines
23:45 Husbandry
24:45 Gold Mining
25:07 Bow Saw
31:24 Ballistics
31:48 Padded Archer Armor
31:54 Scale Barding Armor
34:09 Heavy Plow
39:07 Imperial Age
37:15 Chain Barding Armor
37:16 Hand Cart
37:01 Town Patrol
38:54 Leather Archer Armor
39:58 Recurve Bow
40:25 Conscription
41:19 Gold Shaft Mining
40:46 Stone Mining
40:28 Cavalier
41:56 Bracer
42:33 Plate Barding Armor
42:40 Paladin
43:25 Heavy Cavalry Archer
44:52 Parthian Tactics
44:34 Thumb Ring
45:41 Chemistry
44:52 Masonry
44:37 Murder Holes
Connection lost

Rejoining the realm…

Still unreachable

The connection could not be restored.

Session expired

The server has moved on; the page needs a fresh start.